Nobbs, neutral male human Tourist ---- --..| |...-- -- --...-- ..| --...---- ... |......------ --...- --...^..--..| --- ..... |..........----- |.. .....- ----....@....|.---.-- ...... ---.(-G..........--- .... --........G......-- ---... |........G...G...-- |.%. -.---..h..........| ----.- ..--........---.|.--- --.((.| --..|.......| --|.[.| |...--- ---.|..-- ---.----)...--- ------ |....)).....------- - -- |.())[[*<...................| --.---.|..-------------- | --- ------ Nobbs the Excursionist Experience level: 6 Strength: 11 Dexterity: 13 Constitution: 17 Intelligence: 13 Wisdom: 9 Charisma: 16 Health: 0(40) Energy: 19(19) Def: 10 Gold: 1534 Moves: 3493 Dungeon seed: HRdr6ZRPhYufuGsD Game ID: Nobbs_1510399904 Your Inventory: Coins $ - 1534 gold pieces Weapons a - 7 +2 darts (in quiver) i - a blessed +0 dart j - 2 +0 elven daggers w - 12 +0 darts x - 7 +0 daggers C - a +0 orcish dagger H - a +0 silver dagger (weapon in hand) W - 5 blessed +0 daggers X - a cursed +0 dagger Armor e - an uncursed +0 Hawaiian shirt (being worn) q - an uncursed +0 cloak of protection (being worn) y - an uncursed +0 helm of brilliance (being worn) z - an uncursed +0 dwarvish mithril-coat (being worn) Comestibles c - 2 uncursed slime molds d - an uncursed cream pie f - an uncursed lembas wafer g - an uncursed candy bar h - 2 uncursed fortune cookies o - an uncursed egg K - an uncursed food ration Scrolls L - an uncursed scroll of teleportation M - a cursed scroll of teleportation Potions O - an uncursed potion of paralysis Rings S - an uncursed ring of polymorph control Tools k - an expensive camera (0:70) l - an uncursed credit card m - an uncursed towel n - an uncursed sack t - an uncursed sack D - an uncursed bag of holding J - an uncursed tin whistle Contents of the bag of holding: a wand of opening (0:4) an uncursed +0 orcish helm 3 uncursed food rations 2 uncursed lichen corpses an uncursed tripe ration 4 uncursed scrolls of blank paper an uncursed scroll of create monster 2 uncursed scrolls of destroy armor an uncursed scroll of enchant armor a cursed scroll of fire a cursed scroll of identify 5 uncursed scrolls of magic mapping an uncursed scroll of punishment 2 uncursed potions of extra healing an uncursed potion of healing a potion of holy water an uncursed potion of see invisible an uncursed potion of water Spells and supernatural/magical abilities: Name Level Category Fail Memory W - pray for help -- divine ? -- Your skills at the end: Fighting Skills Weapon Skills dart [Basic] Spellcasting Skills Final Attributes: You were piously aligned. You were telepathic. You were protected. You are dead. Vanquished creatures: a rock mole a yellow light 6 gnome lords a gnomish wizard a straw golem a paper golem 2 floating eyes 6 dwarves a homunculus a kobold lord 3 rothes a giant bat an iguana a coyote a gas spore 6 hobbits 3 manes 2 large kobolds a hobgoblin 2 giant rats 3 cave spiders a green mold 18 gnomes a gecko 5 jackals 3 foxes 2 goblins 5 sewer rats 2 grid bugs 3 lichens 4 newts 89 creatures vanquished. Voluntary challenges: You were an atheist. You used a wielded weapon 27 times, starting on turn 1343. You read items or engraved 84 times, starting on turn 248. You never genocided any monsters. You never polymorphed an object. You never changed form. You used no wishes. You never split a pudding. You wrote Elbereth's name 83 times, starting on turn 249. You never violated your personal moral code. Dungeon overview: The Dungeons of Doom: levels 1 to 6 Level 1 a fountain a long staircase Level 2 a potion shop stairs to The Gnomish Mines Level 3 a sink Level 4 a weapon shop, a fountain Level 5 a fountain Level 6 The Gnomish Mines: levels 3 to 5 Level 3 stairs to The Dungeons of Doom Level 4 Level 5 <- You were here History has recorded: On T:1 you entered the Dungeons of Doom to retrieve the Amulet of Yendor! On T:276 you reached level 2 of The Dungeons of Doom. On T:365 you reached level 1 of The Gnomish Mines. On T:459 you reached level 3 of The Dungeons of Doom. On T:564 you advanced to experience level 2. On T:737 you reached level 4 of The Dungeons of Doom. On T:740 you advanced to experience level 3. On T:1640 you advanced to experience level 4. On T:1695 you reached level 5 of The Dungeons of Doom. On T:1747 you reached level 6 of The Dungeons of Doom. On T:2450 you advanced to experience level 5. On T:2712 you reached level 3 of The Gnomish Mines. On T:2869 you reached level 2 of The Gnomish Mines. On T:3419 you advanced to experience level 6. Score breakdown: Gold: 1085 (10326 points) Experience: 6 levels (12456 points) Exploration: 6 levels ( 12.00%) ( 9583 points) Discoveries: 7 items ( 2.35%) ( 4597 points) Valuables value: (no points given unless you survive) Artifact value: 0 ( 0 points) Variety of kills: 31 monsters ( 8.14%) ( 8557 points) Turncount: 3493 turns ( -824 points) Survival: died (score multiplied by 80%) Total score: 35756 Latest messages: You succeed in picking the lock. You carefully open the chest... K - a food ration. L - a scroll labeled YUM YUM. M - a scroll labeled YUM YUM. O - a black potion. A little dart shoots out at you! You are hit by a little dart. The gnome picks up a yellow gem. It is missed. It is hit! You hear some noises in the distance. The gnomish wizard plays a fire horn! The bolt of fire hits you! The bolt of fire bounces! The bolt of fire hits you! You die... The sack is empty. (2x) The sack is empty. (2x) Final status: Aloha Nobbs the Tourist, killed by a bolt of fire... You died in The Gnomish Mines on dungeon level 5 with 35756 points, and 1534 pieces of gold, after 3493 moves. You were level 6 with a maximum of 40 hit points when you died.